 Dungeon Crawl Stone Soup version 0.28-a0-1292-gb4563b27b3 (webtiles) character file.

Game seed: 13380677749738945862

56498 KyoPewz the Convoker (level 14, -5/105 HPs)
             Began as a Barachi Summoner on Dec 26, 2021.
             Was a High Priest of Cheibriados.
             Slain by a komodo dragon (28 damage)
             ... on level 6 of the Lair of Beasts on Dec 27, 2021.
             The game lasted 02:33:22 (23628 turns).

KyoPewz the Convoker (Barachi Summoner)            Turns: 23628, Time: 02:33:23

Health: -5/105     AC: 23    Str: 26    XL:     14   Next: 82%
Magic:  12/28      EV: 17    Int: 31    God:    Cheibriados [*****.]
Gold:   1038       SH: 16    Dex: 28    Spells: 18/33 levels left

rFire   . . .      SeeInvis .   a - +4 flail (freeze) {mace}
rCold   . . .      Faith    .   m - +0 kite shield
rNeg    . . .      Spirit   .   P - +0 swamp dragon scales
rPois   +          Reflect  .   O - +1 helmet
rElec   .          Harm     .   T - +0 cloak
rCorr   .          Rampage  .   C - +2 pair of gloves {infuse}
Will    +....                   z - +1 pair of boots
Stlth   ++........              F - amulet of regeneration {@e2}
HPRegen 1.07/turn               d - +4 ring of protection
MPRegen 0.21/turn               h - +4 ring of evasion

@: unable to hop, on berserk cooldown, slowed, very slow
A: amphibious, slowness 1, strong legs 2, +LOS
a: Hop, Renounce Religion, Bend Time, Temporal Distortion, Slouch, Step From
Time


You were on level 6 of the Lair of Beasts.
You worshipped Cheibriados.
Cheibriados was extremely pleased with you.
You visited 3 branches of the dungeon, and saw 18 of its levels.

You collected 1128 gold pieces.
You spent 90 gold pieces at shops.


Innate Abilities, Weirdness & Mutations

You are amphibious.
You cover ground slowly.
You can hop long distances.
You have an extended range of vision and can be seen from far away.


   Skills:
 - Level 8.0 Fighting
 - Level 10.0 Armour
 - Level 2.1 Dodging
 - Level 1.7 Stealth
 - Level 15.0 Shields
 - Level 10.0 Spellcasting
 - Level 5.0 Hexes
 + Level 15.1 Summonings
 - Level 6.0 Air Magic
 - Level 8.0 Invocations


You had 18 spell levels left.
You knew the following spells:

 Your Spells              Type           Power      Damage    Failure   Level
a - Summon Small Mammal   Summ           100%       N/A       0%          1
b - Call Imp              Summ           83%        N/A       0%          2
c - Call Canine Familiar  Summ           83%        N/A       1%          3
d - Summon Lightning Spi  Summ/Air       69%        N/A       1%          4
e - Summon Guardian Gole  Hex/Summ       67%        N/A       1%          3
f - Ensorcelled Hibernat  Hex/Ice        62%        N/A       2%          2

Your spell library contained the following spells:

 Spells                   Type           Power      Damage    Failure   Level
 Tukima's Dance           Hex            46%        N/A       1%          3
 Animate Skeleton         Necr           30%        N/A       4%          1
 Pain                     Necr           60%        1d7       4%          1
 Sublimation of Blood     Necr           15%        N/A       7%          2
 Vampiric Draining        Necr           15%        2d7       13%         3
 Petrify                  Tmut/Erth      15%        N/A       41%         4
 Fireball                 Conj/Fire      7%         3d5       77%         5
 Irradiate                Conj/Tmut      7%         3d16      77%         5
 Iskenderun's Battlesphe  Conj           15%        2d7       77%         5
 Spellforged Servitor     Conj/Summ      29%        N/A       86%         7
 Enfeeble                 Hex            23%        N/A       99%         7
 Iron Shot                Conj/Erth      7%         9d2       100%        6
 Starburst                Conj/Fire      7%         6d4       100%        6
 Ignition                 Fire           7%         3d5       100%        8

Inventory:

Hand Weapons
 a - a +4 flail of freezing (weapon) {mace}
   (You took it off a wight on level 7 of the Dungeon)
 b - the +4 hand axe "Zosmean" {venom, rF+ Str+2 Stlth+, axe}
   (You found it on level 1 of the Lair of Beasts)

   It poisons the flesh of those it strikes.
   Str:       It affects your strength (+2).
   rF:        It protects you from fire.
   Stlth:     It makes you more stealthy.
 v - a +5 dagger {short}
   (You took it off a wight on level 9 of the Dungeon)
 D - a +2 hand axe of electrocution {axe}
   (You took it off an orc on level 6 of the Dungeon)
 R - a +4 spectral short sword {short}
   (You took it off a wight on level 8 of the Dungeon)
Missiles
 f - 376 stones {throwing}
 y - 42 poisoned darts {throwing}
 B - 4 curare-tipped darts {=fthrowing}
 W - a throwing net {=f!fthrowing}
Armour
 m - a +0 kite shield (worn)
   (You found it on level 2 of the Dungeon)
 z - a +1 pair of boots (worn)
   (You found it on level 3 of the Dungeon)
 C - a +2 pair of gloves of infusion (worn)
   (You found it on level 1 of the Lair of Beasts)
 O - a +1 helmet (worn)
   (You found it on level 7 of the Dungeon)
 P - +0 swamp dragon scales (worn)
   (You took it off Maggie on level 8 of the Dungeon)
 T - a +0 cloak (worn)
   (You found it on level 10 of the Dungeon)
Jewellery
 d - a +4 ring of protection (left hand)
   (You found it on level 3 of the Lair of Beasts)
 h - a +4 ring of evasion (right hand)
   (You found it on level 1 of the Dungeon)
 n - a ring of poison resistance
   (You found it on level 5 of the Dungeon)
 A - an amulet of faith {!P}
   (You found it on level 1 of the Lair of Beasts)
 F - an amulet of regeneration (around neck) {@e2}
   (You found it on level 5 of the Lair of Beasts)
 I - a ring of resist corrosion
   (You found it on level 5 of the Dungeon)
 M - a ring of protection from cold
   (You found it on level 5 of the Lair of Beasts)
 N - a ring of protection from fire
   (You found it on level 7 of the Dungeon)
 U - a +6 ring of intelligence
   (You found it on level 8 of the Dungeon)
Wands
 g - a wand of paralysis (5)
   (You found it on level 11 of the Dungeon)
 l - a wand of iceblast (6)
   (You found it on level 3 of the Lair of Beasts)
 o - a wand of polymorph (21)
   (You found it on level 2 of the Dungeon)
 H - a wand of charming (4)
   (You found it on level 5 of the Lair of Beasts)
 J - a wand of flame (13)
   (You found it on level 5 of the Dungeon)
 L - a wand of acid (11)
   (You found it on level 6 of the Dungeon)
 Z - a wand of digging (9)
   (You found it on level 10 of the Dungeon)
Scrolls
 c - 2 scrolls of brand weapon
 e - a scroll of identify {@r1}
 i - 3 scrolls of fog
 p - 2 scrolls of immolation {!r!r}
 q - 2 scrolls of enchant weapon
 s - 6 scrolls of teleportation {@r4}
 u - a scroll of vulnerability {!r!r}
 x - 3 scrolls of fear
 Q - a scroll of amnesia {unknown}
 S - a scroll of blinking {unknown}
 X - a scroll of enchant armour
Potions
 j - a potion of flight
 k - 3 potions of attraction {!q}
 r - 7 potions of ambrosia
 t - 3 potions of invisibility
 w - 12 potions of curing {@q1}
 E - 2 potions of might
 G - 2 potions of heal wounds {@q2}
 K - a potion of brilliance
 V - a potion of magic
 Y - a potion of lignification {!q}

Dungeon Overview and Level Annotations

Branches:
Dungeon (11/15)            Temple (1/1) D:6            Lair (6/6) D:10
  Snake (0/4) Lair:2       Spider (0/4) Lair:4        Slime (0/5) Lair:5
    Orc (0/2) D:9

Altars:
Cheibriados
Hepliaklqana
Okawaru
Qazlal
Xom

Shops:
D:2 ?

Annotations:
D:10 2 transporters, 2 exclusions, hofbold's ghost, novice OgTm

.....PP...##..#F$?:$....#........
..........#....###[..##.##......8
......P...##.#.....#.....#.......
..P........#.. #..t..##.©#.......
..P#.......#.[##..#††††..#.......
...........#....#...#...##.......
...........##......#....#....###.
...<....!)..##.###..#####...## ##
.............###@####.......# ##.
...............t.l.........####..
...........................# #...
......P.....#..............# #..#
.........#..###..#.........###..^
....)...#######...........###....
........##.# #........#..## ##...
.........P.# ##.....###### ##.#
.#.........###....#.##.#### ###


You could see an alligator (berserk) and a komodo dragon (berserk).


Message History

The alligator tail-slaps your lightning spire.
Vejb's ghost hits your lightning spire.
The cane toad stings your lightning spire!
The cane toad rages. 😕 HP[+1] MP[+1]
You feel your anger nearly subside.
You are no longer berserk.
You are exhausted.
You feel yourself slow down.
You feel sick.
The cane toad stings your lightning spire!!
Your lightning spire is destroyed!
Your lightning spire disappears in a puff of smoke!
You hear a howl!
The cane toad stings you! You block the cane toad's attack.
The moth of wrath goads something on!
You hear a loud, deep croak!
You block the cane toad's attack. The dream sheep misses you. 😮 HP[-51]
You now have 105 max hp (-52).
Activating: Slouch (4% risk of failure)
Press: ? - help, Dir - look around, f - activate You can feel time thicken for a moment.
You kill the cane toad!
Cheibriados thoroughly appreciates the change of pace.
You kill the cane toad!
Cheibriados thoroughly appreciates the change of pace.
You kill the wolf!
Cheibriados thoroughly appreciates the change of pace.
You kill the cane toad!
Cheibriados thoroughly appreciates the change of pace.
You kill the dream sheep!
Cheibriados thoroughly appreciates the change of pace.
You kill the wolf!
Cheibriados thoroughly appreciates the change of pace.
Cheibriados lowers the support of your attributes as your movement quickens.
You feel sick. You block the komodo dragon's attack.
Vejb's ghost hits you but does no damage. 😮 HP[+1] MP[-4]
You lost 4 mp, and now have 16/28 mp.
Hop to where?
Press: ? - help, Dir - move target Boing!
You feel sick.
You are no longer poisoned.
The komodo dragon bites you but does no damage.
The komodo dragon barely misses you. You block the moth of wrath's attack.
Press: ? - help, v - describe, . - travel
Here: a moth of wrath (moderately wounded)
The floor.
Activating: Slouch (4% risk of failure)
Press: ? - help, Dir - look around, f - activate You can feel time thicken for a moment.
You kill the moth of wrath!
Cheibriados thoroughly appreciates the change of pace.
You kill the moth of wrath!
Cheibriados thoroughly appreciates the change of pace.
Cheibriados raises the support of your attributes as your movement slows.
You destroy vejb's ghost!
Cheibriados thoroughly appreciates the change of pace.
Cheibriados lowers the support of your attributes as your movement quickens.
The komodo dragon bites you but does no damage.
You block the komodo dragon's attack.
Your Summonings skill increases to level 15! 😕 HP[+2] MP[-5]
You regained 2 hp, and now have 80/105 hp.
You lost 5 mp, and now have 11/28 mp.
You hit the komodo dragon. You freeze the komodo dragon.
You block the komodo dragon's attack. The komodo dragon bites you!!!
* * * LOW HITPOINT WARNING * * *
You block the komodo dragon's attack.
The komodo dragon bites you but does no damage. 😨 HP[-38]
You take 38 damage, and now have 42/105 hp.
MASSIVE DAMAGE!! (PAUSE)
You block the komodo dragon's attack. The komodo dragon closely misses you.
You block the komodo dragon's attack.
The alligator bites you but does no damage.
The alligator misses you.
There is a transporter here. 😨 HP[+4]
You regained 4 hp, and now have 46/105 hp.
You enter the transporter and appear at another place.
The alligator bites you!!
* * * LOW HITPOINT WARNING * * *
You block the alligator's attack. You block the komodo dragon's attack.
The alligator completely misses you. The alligator barely misses you.
The komodo dragon completely misses you. 😱 HP[-29] MP[+1]
You take 29 damage, and now have 17/105 hp.
MASSIVE DAMAGE!! (PAUSE)
Okay, then.
Unknown command.
Unknown command.
Unknown command.
You feel much better. You block the alligator's attack.
The alligator tail-slaps you but does no damage.
You block the komodo dragon's attack. The alligator completely misses you.
The alligator tail-slaps you!
* * * LOW HITPOINT WARNING * * *
The komodo dragon bites you!!
You die...

Skill      XL: |  1  2  3  4  5  6  7  8  9 10 11 12 13 14 |
---------------+-------------------------------------------+-----
Summonings     | 5 6 7 8 11 14 15 | 15.1
Spellcasting   | 3 4 5 9 10 | 10.0
Air Magic      | 3 6 |  6.0
Fighting       | 5 8 |  8.0
Armour         | 5 10 | 10.0
Shields        | 6 12 15 | 15.0
Invocations    | 3 8 |  8.0
Hexes          | 5 |  5.0
Dodging        | |  2.1
Stealth        | |  1.7

Action                   |  1- 3 |  4- 6 |  7- 9 | 10-12 | 13-15 || total
-------------------------+-------+-------+-------+-------+-------++-------
Melee: Quarterstaff      |    52 |    17 |       |       |       ||    69
       Dagger            |       |    88 |    62 |       |       ||   150
       Hand axe          |       |       |     1 |   150 |       ||   151
       Flail             |       |       |       |    29 |   192 ||   221
 Cast: Summon Small Mamm |    27 |     9 |    10 |     1 |     4 ||    51
       Call Imp          |     4 |     6 |    14 |    10 |     9 ||    43
       Call Canine Famil |     2 |    13 |    43 |    86 |    42 ||   186
       Summon Lightning  |       |       |     8 |    26 |    23 ||    57
       Summon Guardian G |       |       |       |     1 |     6 ||     7
Invok: Slouch            |       |       |       |       |     3 ||     3
 Abil: Hop               |       |       |     2 |     4 |     4 ||    10
  Use: Scroll            |     2 |     2 |     9 |     6 |     4 ||    23
       Potion            |       |       |       |     1 |     1 ||     2
 Stab: Sleeping          |     5 |     2 |     1 |     1 |       ||     9
       Distracted        |       |     1 |       |     5 |     6 ||    12
Armor: Robe              |    17 |    17 |    12 |       |       ||    46
       Swamp dragon scal |       |       |       |    97 |   100 ||   197
       Leather armour    |       |       |       |     1 |       ||     1
Dodge: Dodged            |    49 |    77 |    51 |   258 |   150 ||   585
Block: Kite shield       |       |       |       |    42 |   227 ||   269

Levels and vault maps discovered:
D:1:      co_arrival_square_in_a_square_in_a_square, layout_basic,
          roderic_lattice_a, hangedman_decor_diamond_cutter, minmay_box_of_dots
D:2:      layout_basic, serial_shops, shop, hellmonk_ecumenical_altar_blasted
D:3:      layout_loops_cross, minmay_circle_x
D:4:      layout_basic, ebering_ghost_reflecting_pool, nrook_mini_backslash,
          uniq_eustachio
D:5:      layout_basic, uniq_menkaure
D:6:      layout_cave_pools, mainiacjoe_overflow_tiny_flanked,
          minmay_temple_entry_hall, uniq_sigmund
D:7:      layout_cave_pods, serial_column_ruins, column_ruins_columns_corner,
          column_ruins_open_small, column_ruins_columns_T,
          column_ruins_corridor_water, column_ruins_grid_1,
          column_ruins_columns_T, kennysheep_generic_room_7
D:8:      layout_cave_pods, minmay_misc_feat_secret_circle, uniq_maggie
D:9:      layout_roguey, orc_0_dummy, minmay_misc_feat_tower
D:10:     layout_basic, erik_lair_orcish_takeover,
          gammafunk_ghost_abyssal_escape, uniq_maurice
D:11:     layout_basic
Temple:   roderic_octagonal_lattice_temple
Lair:1:   layout_hall_layers, basic_altar
Lair:2:   layout_roguey [special_room_bee], dummy_snake_entry,
          patterned_corridor, uniq_sonja
Lair:3:   layout_cave_pods, grunt_megastairs_2
Lair:4:   layout_hall_layers, dummy_spider_entry, cheibrodos_lair_caveside_slide
Lair:5:   layout_regular_city, nicolae_slime_entry_slimehenge,
          beast_lair_carwin_9, grunt_megastairs_4, uniq_rupert
Lair:6:   evilmike_catoblepas_cave, layout_layer_cave,
          gammafunk_ghost_berserking_beasts

Notes
Turn   | Place    | Note
-------+----------+-------------------------------------------
     0 | D:1      | KyoPewz the Barachi Summoner began the quest for the Orb.
     0 | D:1      | Reached XP level 1. HP: 13/13 MP: 3/3
     0 | D:1      | magus.rc [v1.9.6]
    52 | D:1      | HP: 2/13 [hobgoblin (5)]
    53 | D:1      | Reached skill level 5 in Summonings
   367 | D:1      | Reached XP level 2. HP: 19/19 MP: 3/5
   656 | D:1      | Learned a level 2 spell: Call Imp
  1666 | D:2      | Reached XP level 3. HP: 10/24 MP: 2/7
  1950 | D:2      | Found a faded altar of an unknown god.
  2603 | D:2      | Found Feneac's Magic Scroll Emporium.
  2641 | D:2      | Learned a level 3 spell: Call Canine Familiar
  2662 | D:2      | Bought a scroll of identify for 20 gold pieces
  2662 | D:2      | Bought a scroll of identify for 20 gold pieces
  2662 | D:2      | Bought a scroll of identify for 20 gold pieces
  2662 | D:2      | Bought a scroll of teleportation for 30 gold pieces
  2886 | D:3      | Reached skill level 6 in Summonings
  2931 | D:3      | Reached skill level 3 in Spellcasting
  2931 | D:3      | Reached XP level 4. HP: 26/30 MP: 8/8
  3229 | D:3      | Noticed a black bear
  3238 | D:3      | Killed a black bear
  3239 | D:3      | Reached skill level 7 in Summonings
  3239 | D:3      | Reached XP level 5. HP: 35/35 MP: 3/10
  3244 | D:3      | Learned a level 4 spell: Summon Lightning Spire
  3318 | D:3      | You pick up a book of Maledictions and begin reading...
  3318 | D:3      | You add the spells Ensorcelled Hibernation, Tukima's Dance
                  | and Enfeeble to your library.
  3773 | D:4      | Reached XP level 6. HP: 41/41 MP: 6/11
  3850 | D:4      | Reached skill level 4 in Spellcasting
  3938 | D:4      | Reached skill level 1 in Air Magic
  4116 | D:4      | Reached skill level 8 in Summonings
  4530 | D:4      | Noticed Eustachio
  4560 | D:4      | Killed Eustachio
  4561 | D:4      | Reached skill level 3 in Air Magic
  4561 | D:4      | Reached XP level 7. HP: 13/46 MP: 5/13
  4865 | D:4      | Found a runed translucent door.
  4866 | D:4      | Noticed Longtemps's ghost (amateur OpBr)
  4915 | D:4      | Reached skill level 4 in Air Magic
  5235 | D:4      | Killed Longtemps's ghost
  5236 | D:4      | Reached skill level 5 in Air Magic
  5335 | D:5      | Entered Level 5 of the Dungeon
  5387 | D:5      | Reached skill level 6 in Air Magic
  5389 | D:5      | Reached XP level 8. HP: 41/52 MP: 2/14
  5524 | D:5      | Noticed a two-headed ogre
  5910 | D:5      | Reached skill level 9 in Summonings
  5937 | D:5      | You pick up a book of Necromancy and begin reading...
  5937 | D:5      | You add the spells Pain, Animate Skeleton and Vampiric
                  | Draining to your library.
  6005 | D:5      | Noticed Menkaure
  6024 | D:5      | Killed Menkaure
  6025 | D:5      | Reached skill level 10 in Summonings
  6361 | D:5      | HP: 9/52 [two-headed ogre (25)]
  7027 | D:6      | Reached skill level 11 in Summonings
  7222 | D:6      | Reached XP level 9. HP: 57/57 MP: 7/15
  7307 | D:6      | HP: 6/57 [centaur/arrow (13)]
  7309 | D:6      | Reached skill level 12 in Summonings
  7577 | D:6      | Noticed Sigmund
  7587 | D:6      | Killed Sigmund
  7832 | D:6      | Reached skill level 13 in Summonings
  7877 | D:6      | Found an iron altar of Okawaru.
  8097 | D:6      | Found a staircase to the Ecumenical Temple.
  8103 | Temple   | Entered the Ecumenical Temple
  8127 | Temple   | Became a worshipper of Cheibriados the Contemplative
  8433 | D:7      | Reached skill level 14 in Summonings
  8503 | D:7      | Reached skill level 1 in Fighting
  9066 | D:5      | Killed a two-headed ogre
  9067 | D:5      | Reached skill level 5 in Fighting
  9067 | D:5      | Reached XP level 10. HP: 76/76 MP: 0/16
  9072 | D:5      | Learned a level 3 spell: Summon Guardian Golem
  9314 | D:7      | Reached skill level 6 in Fighting
  9959 | D:8      | Noticed Maggie
  9975 | D:8      | Killed Maggie
  9976 | D:8      | Reached skill level 7 in Fighting
 10152 | D:8      | Reached * piety under Cheibriados
 10153 | D:8      | Reached skill level 1 in Armour
 10232 | D:8      | Reached skill level 2 in Armour
 10669 | D:8      | You pick up a book of Necromancy and begin reading...
 10827 | D:8      | Reached skill level 8 in Fighting
 11005 | D:9      | Reached skill level 3 in Armour
 11265 | D:9      | Reached skill level 4 in Armour
 11384 | D:9      | Reached ** piety under Cheibriados
 11385 | D:9      | Reached skill level 5 in Armour
 11385 | D:9      | Reached skill level 1 in Shields
 11436 | D:9      | Found a staircase to the Orcish Mines.
 11527 | D:9      | Reached skill level 2 in Shields
 11546 | D:9      | Reached skill level 3 in Shields
 11560 | D:9      | Reached skill level 4 in Shields
 11731 | D:9      | Reached skill level 5 in Shields
 11925 | D:10     | Entered Level 10 of the Dungeon
 12300 | D:10     | Reached skill level 6 in Shields
 12368 | D:10     | Killed an unseen horror
 12369 | D:10     | Reached XP level 11. HP: 67/86 MP: 14/17
 12463 | D:10     | Reached skill level 7 in Shields
 12702 | D:10     | Found a transporter.
 12717 | D:10     | Found a transporter.
 12718 | D:10     | Noticed a wretched star
 12726 | D:10     | Found a one-way gate to the infinite horrors of the Abyss.
 12726 | D:10     | Noticed hofbold's ghost (novice OgTm)
 12726 | D:10     | Noticed a sixfirhy
 13237 | D:11     | Noticed a two-headed ogre
 13244 | D:11     | Killed a two-headed ogre
 13411 | D:11     | Reached skill level 8 in Shields
 13890 | D:10     | You pick up a book of Power and begin reading...
 13890 | D:10     | You add the spells Iskenderun's Battlesphere, Iron Shot and
                  | Spellforged Servitor to your library.
 13934 | D:10     | Noticed Maurice
 13941 | D:10     | Killed Maurice
 14012 | D:10     | Found a staircase to the Lair.
 14053 | D:10     | Reached skill level 9 in Shields
 14267 | D:10     | Reached *** piety under Cheibriados
 14653 | D:10     | Noticed a shining eye
 14899 | D:10     | Noticed a skeletal warrior
 15096 | D:10     | Noticed a harpy
 15096 | D:10     | a yak changed into a harpy
 15111 | D:10     | a harpy changed into a golden eye
 15331 | Lair:1   | Entered Level 1 of the Lair of Beasts
 15331 | Lair:1   | Noticed a catoblepas
 15381 | Lair:1   | HP: 21/86 [komodo dragon (16)]
 15684 | Lair:1   | Killed a catoblepas
 15756 | Lair:1   | Reached skill level 10 in Shields
 15766 | Lair:1   | Identified the +4 hand axe "Zosmean" {venom, rF+ Str+2
                  | Stlth+}
 16001 | Lair:1   | Noticed an eight-headed hydra
 16016 | Lair:1   | Killed an eight-headed hydra
 16017 | Lair:1   | Reached skill level 11 in Shields
 16271 | Lair:1   | Found a shimmering altar of Xom.
 16375 | Lair:1   | You pick up a book of Maledictions and begin reading...
 16556 | Lair:2   | Noticed Sonja
 16561 | Lair:2   | Killed Sonja
 16742 | Lair:1   | Reached skill level 12 in Shields
 16886 | Lair:2   | HP: 13/86 [komodo dragon (15)]
 16889 | Lair:2   | Reached XP level 12. HP: 29/92 MP: 12/18
 17316 | Lair:2   | magus.rc [v1.9.6]
 17501 | Lair:2   | Reached **** piety under Cheibriados
 17511 | Lair:2   | Reached skill level 13 in Shields
 17567 | Lair:2   | Reached ***** piety under Cheibriados
 17702 | Lair:2   | Found a staircase to the Snake Pit.
 17902 | Lair:2   | Reached skill level 14 in Shields
 18417 | Lair:3   | Noticed a five-headed hydra
 18432 | Lair:3   | Killed a five-headed hydra
 18782 | Lair:3   | Noticed an eight-headed hydra
 18809 | Lair:3   | Killed an eight-headed hydra
 18810 | Lair:3   | Reached skill level 15 in Shields
 18810 | Lair:3   | Reached skill level 1 in Invocations
 19020 | Lair:3   | Reached skill level 2 in Invocations
 19021 | Lair:3   | Reached skill level 5 in Spellcasting
 19036 | Lair:3   | Reached skill level 3 in Invocations
 19297 | Lair:3   | Gained mutation: You can hop long distances. [Barachi
                  | growth]
 19297 | Lair:3   | Reached XP level 13. HP: 98/98 MP: 11/21
 19298 | Lair:3   | Reached ****** piety under Cheibriados
 19299 | Lair:3   | Reached skill level 6 in Spellcasting
 19329 | Lair:3   | Reached skill level 4 in Invocations
 19691 | Lair:3   | Reached skill level 5 in Invocations
 19996 | Lair:4   | Found a hole to the Spider Nest.
 20004 | Lair:3   | Reached skill level 7 in Spellcasting
 20104 | Lair:3   | Learned a level 2 spell: Ensorcelled Hibernation
 20384 | Lair:4   | Reached skill level 6 in Invocations
 20431 | Lair:4   | You pick up a book of Alchemy and begin reading...
 20431 | Lair:4   | You add the spells Sublimation of Blood, Petrify and
                  | Irradiate to your library.
 20766 | Lair:4   | Reached skill level 8 in Spellcasting
 21105 | Lair:5   | Noticed Rupert
 21115 | Lair:5   | Killed Rupert
 21116 | Lair:5   | Reached skill level 7 in Invocations
 21127 | Lair:5   | Reached skill level 9 in Spellcasting
 21186 | Lair:5   | Found a staircase to the Slime Pits.
 21573 | Lair:5   | Reached skill level 8 in Invocations
 21577 | Lair:5   | Reached XP level 14. HP: 96/105 MP: 19/27
 21653 | Lair:5   | Reached skill level 10 in Spellcasting
 21657 | Lair:5   | Reached skill level 1 in Hexes
 21669 | Lair:5   | Reached skill level 2 in Hexes
 21901 | Lair:5   | Reached skill level 6 in Armour
 21901 | Lair:5   | Reached skill level 3 in Hexes
 22249 | Lair:6   | Entered Level 6 of the Lair of Beasts
 22256 | Lair:6   | You pick up a book of Fire and begin reading...
 22256 | Lair:6   | You add the spells Fireball, Starburst and Ignition to your
                  | library.
 22380 | Lair:6   | Found a transporter.
 22381 | Lair:6   | Noticed vejb's ghost (journeyman SpEn)
 22559 | Lair:6   | Reached skill level 4 in Hexes
 22674 | Lair:6   | Reached skill level 7 in Armour
 23037 | Lair:6   | Reached skill level 5 in Hexes
 23101 | Lair:6   | Found a transporter.
 23162 | Lair:6   | Reached skill level 8 in Armour
 23178 | Lair:6   | Reached skill level 9 in Armour
 23184 | Lair:6   | Reached skill level 10 in Armour
 23624 | Lair:6   | Killed vejb's ghost
 23625 | Lair:6   | Reached skill level 15 in Summonings
 23627 | Lair:6   | HP: 17/105 [alligator (31)]
 23628 | Lair:6   | Slain by a komodo dragon

Vanquished Creatures
  The ghost of vejb the Unseen, a journeyman SpEn of Dithmenos (Lair:6)
  5 hydras
  A catoblepas (Lair:1)
  A two-headed ogre (D:5)
  3 death yaks
  Sonja (Lair:2)
  2 moths of wrath (Lair:6)
  2 elephants (Lair:6)
  5 black mambas
  9 cane toads
  2 rime drakes
  4 komodo dragons
  A polar bear (Lair:2)
  A troll (D:10)
  A tarantella (shapeshifter) (D:9)
  11 blink frogs
  2 dream sheep
  2 wyverns
  10 yaks
  Eustachio (D:4)
  An acid dragon (D:9)
  6 water moccasins
  A sky beast (D:8)
  6 wolves
  A centaur (D:10)
  4 bullfrogs
  5 killer bees (Lair:2)
  3 wights
  3 jellies
  A bullfrog skeleton (D:5)
  An orc wizard (D:9)
  A killer bee zombie (D:7)
  A gnoll (D:9)
  3 adders
  A shadow imp (D:8)
  2 white imps
  A dart slug (D:3)
  4 orcs
  7 bats
  An endoplasm (D:3)
  2 goblins
  3 hobgoblins
  A jackal (D:4)
  5 kobolds
  2 ball pythons
  4 frilled lizards
  A rat (D:1)
136 creatures vanquished.

Vanquished Creatures (collateral kills)
  Rupert (Lair:5)
  3 hydras
  3 catoblepae (Lair:6)
  A two-headed ogre (D:11)
  8 death yaks
  An oklob plant (Lair:5)
  A manticore (Lair:6)
  7 elephants
  An unseen horror (D:10)
  A cane toad (Lair:6)
  Maggie (D:8)
  3 rime drakes
  5 komodo dragons
  A queen bee (Lair:2)
  A polar bear (Lair:3)
  2 hornets
  7 blink frogs
  8 dream sheep
  Sigmund (D:6)
  A wraith (D:11)
  40 yaks
  4 wyverns
  3 basilisks
  The ghost of Longtemps the Covert, an amateur OpBr (D:4)
  Menkaure (D:5)
  An acid dragon (D:11)
  8 water moccasins
  2 wargs (D:10)
  An orc warrior (D:10)
  3 black bears
  A sky beast (D:5)
  A hornet zombie (D:7)
  2 ice beasts
  3 necrophages
  4 centaurs (D:6)
  4 wolves
  An ogre (D:6)
  A wyvern zombie (D:8)
  11 bullfrogs
  2 wyvern skeletons
  8 wights
  23 killer bees
  2 electric eels (D:10)
  4 howler monkeys
  A bullfrog zombie (D:5)
  A centaur zombie (D:9)
  3 hounds
  4 jellies
  A gnoll shaman (D:9)
  5 orc priests
  A bullfrog skeleton (D:4)
  3 iguanas
  10 orc wizards
  2 killer bee zombies (D:6)
  3 gnolls (D:9)
  3 adders
  3 worms
  3 dart slugs
  20 orcs
  11 endoplasms
  2 giant cockroaches
  2 goblins (D:2)
  2 hobgoblins
  2 jackals (D:4)
  4 kobolds
  2 quokkas
  A ball python (D:2)
  2 bats
  2 frilled lizards (D:2)
  3 rats
  A bush (Lair:6)
285 creatures vanquished.

Vanquished Creatures (others)
  A manticore (Lair:6)
  Maurice (D:10)
  A cane toad (Lair:5)
  A blink frog (Lair:3)
  4 dream sheep (Lair:3)
  3 yaks
  16 fungi
  18 plants
45 creatures vanquished.

Grand Total: 466 creatures vanquished

Table legend:
 A = Non-vault XP
 B = Vault XP
 C = Vault XP percentage of total XP
 D = Non-vault monster count
 E = Vault monster count
 F = Vault count percentage of total count
                 A         B        C        D         E       F
            +---------+---------+-------+---------+---------+-------
      Total |   54949 |   25763 |  31.9 |     333 |      98 |  22.7
            +---------+---------+-------+---------+---------+-------
        D:1 |      29 |       2 |   6.5 |      16 |       2 |  11.1
        D:2 |      35 |       0 |   0.0 |      19 |       0 |   0.0
        D:3 |     224 |      16 |   6.7 |      24 |       6 |  20.0
        D:4 |     370 |     352 |  48.8 |      17 |       2 |  10.5
        D:5 |    1652 |     157 |   8.7 |      16 |       1 |   5.9
        D:6 |    1212 |     238 |  16.4 |      22 |       1 |   4.3
        D:7 |     814 |      64 |   7.3 |      12 |       1 |   7.7
        D:8 |     817 |     379 |  31.7 |      15 |       1 |   6.2
        D:9 |    2311 |       0 |   0.0 |      24 |       0 |   0.0
       D:10 |    1450 |     987 |  40.5 |      10 |       9 |  47.4
       D:11 |    1272 |       0 |   0.0 |       4 |       0 |   0.0
     Lair:1 |    4531 |       0 |   0.0 |      15 |       0 |   0.0
     Lair:2 |    5402 |    2603 |  32.5 |      24 |      26 |  52.0
     Lair:3 |   10565 |    1071 |   9.2 |      38 |       2 |   5.0
     Lair:4 |    9426 |       0 |   0.0 |      23 |       0 |   0.0
     Lair:5 |    9283 |    4014 |  30.2 |      39 |      15 |  27.8
     Lair:6 |    5556 |   15880 |  74.1 |      15 |      32 |  68.1
            +---------+---------+-------+---------+---------+-------

Illustrated notes

Table legend:
 A = Kills in this place as a percentage of kills in entire the game.
 B = Kills by you in this place as a percentage of kills by you in the entire game.
 C = Kills by friends in this place as a percentage of kills by friends in the entire game.
 D = Other kills in this place as a percentage of other kills in the entire game.
 E = Experience gained in this place as a percentage of experience gained in the entire game.
 F = Experience gained in this place divided by the number of levels of this place that you have seen.
                   A       B       C       D       E      F
               +-------+-------+-------+-------+-------+----------------------
         Total | 100.0 | 100.0 | 100.0 | 100.0 | 100.0 | 4484.0
       Dungeon |  46.9 |  39.7 |  51.8 |   9.1 |  15.3 | 1125.5
          Lair |  53.1 |  60.3 |  48.2 |  90.9 |  84.7 | 11388.5
               +-------+-------+-------+-------+-------+----------------------

Table legend: (Time is in decaauts)
 A = Elapsed time spent in this place.
 B = Non-inter-level travel time spent in this place.
 C = Inter-level travel time spent in this place.
 D = Time resting spent in this place.
 E = Time spent auto-exploring this place.
 F = Levels seen in this place.
 G = Mean time per level.
                   A        B        C        D        E       F      G
               +--------+--------+--------+--------+--------+-----+--------+
         Total |  31817 |  30383 |   1434 |   7387 |  13696 |  18 | 1767.6 |
       Dungeon |  18811 |  17988 |    823 |   4835 |   8628 |  11 | 1710.1 |
        Temple |     55 |     19 |     36 |      0 |     13 |   1 |   55.0 |
          Lair |  12950 |  12377 |    573 |   2552 |   5054 |   6 | 2158.3 |
               +--------+--------+--------+--------+--------+-----+--------+

Top non-repeatable levels by time:
    D:10: 3641 daAuts
  Lair:3: 3000 daAuts
  Lair:6: 2726 daAuts
     D:5: 2391 daAuts
  Lair:2: 2249 daAuts
     D:4: 2204 daAuts
  Lair:5: 1949 daAuts
     D:2: 1710 daAuts
  Lair:1: 1568 daAuts
     D:8: 1544 daAuts
     D:1: 1517 daAuts
  Lair:4: 1456 daAuts
     D:6: 1359 daAuts
     D:7: 1305 daAuts
     D:9: 1245 daAuts
